 Dungeon Crawl Stone Soup version 0.31-a0-870-g10ed682358 (webtiles) character file.

Game seed: 16292861584235581877

143456 Kace the Unseen (level 16, -10/88 HPs)
             Began as a Spriggan Enchanter on Oct 11, 2023.
             Was the Champion of Dithmenos.
             Mangled by an emperor scorpion (20 damage)
             ... on level 4 of the Spider Nest on Oct 12, 2023.
             The game lasted 03:10:13 (30903 turns).

Kace the Unseen (Spriggan Enchanter)               Turns: 30903, Time: 03:10:16

Health: -10/88     AC: 11    Str:  5    XL:     16   Next: 82%
Magic:  36/36      EV: 14    Int: 27    God:    Dithmenos [******]
Gold:   907        SH:  0    Dex: 21    Spells: 16/45 levels left

rFire   . . .        W - +4 dagger
rCold   + . .        v - +0 buckler
rNeg    . . .        l - +2 robe "Iffa" {Contam Rampage rC+ Regen+}
rPois   +            P - +2 hat {Stlth+}
rElec   +            U - +0 cloak
rCorr   .            (gloves unavailable)
SInv    +            (boots unavailable)
Will    ++...        e - amulet of Hirhib {Acrobat +Blink Regen+ Str-4 Dex+4}
Stlth   ++++++++     I - +4 ring of protection
HPRegen 1.94/turn    h - ring of Fene {rElec rPois Str+3 Int+6}
MPRegen 0.25/turn

%: acrobat, rampage
@: about to teleport, held, studying Fighting, very quick
A: very small, no large weapons, unfitting armour, see invisible, speed 3
a: Renounce Religion, Evoke Blink, Shadow Step, Shadow Form


You were on level 4 of the Spider Nest.
You worshipped Dithmenos.
Dithmenos was exalted by your worship.
You visited 5 branches of the dungeon, and saw 27 of its levels.
You also visited: Sewer and Bailey.

You collected 2337 gold pieces.
You spent 1430 gold pieces at shops.

Inventory:

Hand Weapons
 b - the +9 sword of Zonguldrok {reap}
   (You found it on level 14 of the Dungeon)
 z - a +0 dagger of venom
 W - a +4 dagger (weapon)
Armour
 l - the +2 robe "Iffa" (worn) {Contam Rampage rC+ Regen+}
   (You found it on level 2 of the Lair of Beasts)

   rC+:       It protects you from cold.
   Contam:    It causes magical contamination when unequipped.
   Regen+:    It increases your rate of health regeneration.
   Rampage:   It bestows one free step when moving towards enemies.
 v - a +0 buckler (worn)
 J - +0 acid dragon scales
 P - a +2 hat of stealth (worn)
 Q - a +2 robe of cold resistance
 U - a +0 cloak (worn)
Jewellery
 e - the amulet of Hirhib (around neck) {Acrobat +Blink Regen+ Str-4 Dex+4}
   (You acquired it in the Ecumenical Temple)

   [amulet of the acrobat]

   Acrobat:   It increases your evasion while moving and waiting.
   Str-4:     It affects your strength (-4).
   Dex+4:     It affects your dexterity (+4).
   +Blink:    It lets you blink.
   Regen+:    It increases your rate of health regeneration.
 g - the ring of Quurchyus {rF++ rC+ Slay-4 Stlth+}
   (You found it on level 2 of the Lair of Beasts)

   [ring of protection from cold]

   Slay-4:    It affects your accuracy & damage with ranged weapons and melee
   (-4).
   rF++:      It greatly protects you from fire.
   rC+:       It protects you from cold.
   Stlth+:    It makes you more stealthy.
 h - the ring of Fene (right hand) {rElec rPois Str+3 Int+6}
   (You found it on level 2 of the Lair of Beasts)

   [ring of intelligence]

   Str+3:     It affects your strength (+3).
   Int+6:     It affects your intelligence (+6).
   rElec:     It insulates you from electricity.
   rPois:     It protects you from poison
 n - an amulet of reflection
 q - an amulet of magic regeneration
 s - a ring of resist corrosion
 I - a +4 ring of protection (left hand)
 K - a +6 ring of intelligence
 L - an amulet of faith
 N - a ring of ice
 R - a +6 ring of dexterity
 Y - a +6 ring of dexterity
 Z - a +6 ring of strength
Wands
 j - a wand of polymorph (17)
 m - a wand of quicksilver (13)
 x - a wand of paralysis (28)
 B - a wand of mindburst (17)
 O - a wand of iceblast (12)
Scrolls
 a - a scroll of immolation
 d - 12 scrolls of teleportation
 o - 4 scrolls of silence
 u - 3 scrolls of amnesia
 w - 2 scrolls of blinking
 y - 2 scrolls of butterflies
 A - 3 scrolls of poison
 M - a scroll of fog
 S - a scroll of fear
 V - 2 scrolls of revelation
 X - 5 scrolls of identify
Potions
 c - 3 potions of invisibility
 f - a potion of enlightenment {unknown}
 i - 2 potions of heal wounds
 k - 4 potions of might {unknown}
 p - 4 potions of curing
 r - 3 potions of haste {unknown}
 t - 2 potions of attraction {unknown}
 C - 2 potions of brilliance {unknown}
 D - 3 potions of resistance {unknown}
 E - 4 potions of magic
 F - a potion of experience {unknown}
 G - 2 potions of mutation {unknown}
 H - a potion of berserk rage {unknown}
 T - 4 potions of lignification {unknown}


   Skills:
 - Level 11.7 Fighting
 - Level 11.7 Short Blades
 - Level 12.8 Dodging
 - Level 16.6 Stealth
 - Level 4.0 Shields
 + Level 15.2 Spellcasting
 + Level 9.8 Conjurations
 + Level 11.7 Hexes
 + Level 6.8 Necromancy
 - Level 2.0 Translocations
 - Level 4.0 Ice Magic
 + Level 6.8 Earth Magic
 - Level 0.3 Evocations


You had 16 spell levels left.
You knew the following spells:

 Your Spells              Type           Power      Damage    Failure   Level
a - Ensorcelled Hibernat  Hex/Ice        100%       N/A       1%          2
b - Magic Dart            Conj           100%       1d8       1%          1
c - Confusing Touch       Hex            71%        N/A       1%          3
d - Tukima's Dance        Hex            71%        N/A       1%          3
e - Borgnjor's Vile Clut  Necr/Erth      27%        N/A       8%          5
f - Bombard               Conj/Erth      30%        9d5       22%         6
g - Enfeeble              Hex            35%        N/A       30%         7
h - Blink                 Tloc           62%        N/A       3%          2

Your spell library contained the following spells:

 Spells                   Type           Power      Damage    Failure   Level
 Freeze                   Ice            100%       1d10      1%          1
 Momentum Strike          Conj/Tloc      100%       3d10      1%          2
 Dazzling Flash           Conj/Hex       100%       N/A       1%          3
 Inner Flame              Hex/Fire       51%        N/A       1%          3
 Leda's Liquefaction      Hex/Erth       31%        N/A       1%          4
 Frozen Ramparts          Ice            84%        1d13      2%          3
 Animate Dead             Necr           55%        N/A       2%          4
 Lesser Beckoning         Tloc           62%        N/A       3%          2
 Mephitic Cloud           Conj/Pois/Air  38%        N/A       3%          3
 Gell's Gravitas          Tloc           31%        N/A       6%          3
 Teleport Other           Tloc           31%        N/A       6%          3
 Call Imp                 Summ           40%        N/A       7%          2
 Lee's Rapid Deconstruct  Erth           27%        3d15*     8%          5
 Animate Armour           Summ/Erth      76%        N/A       11%         4
 Summon Mana Viper        Hex/Summ       51%        N/A       11%         5
 Yara's Violent Unravell  Hex/Tmut       25%        3d11      11%         5
 Death Channel            Necr           27%        N/A       38%         6
 Summon Lightning Spire   Summ/Air       20%        N/A       41%         4
 Simulacrum               Ice/Necr       24%        N/A       58%         6
 Summon Forest            Summ/Tloc      12%        N/A       63%         5
 Summon Cactus Giant      Summ           10%        N/A       100%        6
 Ozocubu's Refrigeration  Ice            21%        4d12      100%        7
 Polar Vortex             Ice            21%        12d2*     100%        9


Dungeon Overview and Level Annotations

Branches:
Dungeon (15/15)            Temple (1/1) D:5            Lair (5/5) D:10
 Shoals (0/4) Lair:3       Spider (4/4) Lair:3        Slime (0/5) Lair:4
    Orc (2/2) D:12            Elf (0/3) Orc:2        Vaults (0/5) D:14
 Depths (0/4) D:15          Sewer (visited)          Bailey (visited)

Altars:
Ashenzari
Cheibriados
Dithmenos
Elyvilon
Fedhas
Gozag
Hepliaklqana
Kikubaaqudgha
Makhleb
Nemelex Xobeh
Okawaru
Qazlal
Ru
Sif Muna
Trog
Uskayaw
Vehumet
Wu Jian
Xom
Yredelemnul
Zin
The Shining One
Jiyva

Shops:
D:1 ?   D:2 *   D:10 :   Orc:1 [   Orc:2 :!*:

Annotations:
D:15 Jorgrun
Orc:1 2 transporters


Innate Abilities, Weirdness & Mutations

You are very small and have problems with some larger weapons.
You are too small for most types of armour.
You have supernaturally acute eyesight. (SInv)
You cover ground extremely quickly. (Speed+++)


Message History

The stream of webbing hits you but does no damage.
You are caught in a web!
You struggle to detach yourself from the web.
The jumping spider pounces on you. The jumping spider closely misses you.
The moth of wrath goads the culicivora on!
The culicivora goes berserk!
The moth of wrath goads the emperor scorpion on!
The emperor scorpion goes berserk!
The culicivora misses you.
The jorogumo stares at you and mumbles some strange words.
The stream of webbing hits you but does no damage.
You are even more entangled.
The jumping spider pounces on you!
You are even more entangled.
The jumping spider bites you.
You struggle to detach yourself from the web.
The culicivora rages.
As you read the scroll of teleportation, it crumbles to dust.
You feel strangely unstable. The emperor scorpion barely misses you.
The emperor scorpion claws you. The emperor scorpion claws you!
The jorogumo barely misses you. The sun moth completely misses you.
The moth of wrath goads the culicivora on!
The culicivora goes berserk!
The moth of wrath goads the jumping spider on!
The jumping spider goes berserk!
The emperor scorpion stings you but does no damage.
The emperor scorpion claws you.
The emperor scorpion closely misses you.
The jorogumo closely misses you. The jorogumo hits you!
You emit a cloud of dark smoke.
You feel much better.
The culicivora rages.
The jumping spider pounces on you!!
You are even more entangled.
The jumping spider closely misses you. The emperor scorpion stings you!!
You emit a cloud of dark smoke.
The emperor scorpion claws you.
* * * LOW HITPOINT WARNING * * *
The emperor scorpion claws you!
* * * LOW HITPOINT WARNING * * *
The culicivora rages.
The jumping spider barely misses you. The jumping spider closely misses you.
The sun moth closely misses you. The jorogumo completely misses you.
The jorogumo barely misses you. The emperor scorpion stings you!!
You die...

##.........~~~≈~≈
#...^....~~≈≈≈≈
#..#...^~~≈~≈# ##
##.....#.~≈≈≈## ~^~
#~.......~≈≈## ^..#
#........~~~# ~Hs#.
#^.†§ssy~..≈#^.!!!.
#...sHsy^~^.^..!φss #
#^.^#@H#.~#≈#^.![!. #
#..^§§y.^~≈≈# ^...^ ##
##.......~≈≈## .^.^##≈
#.......~≈≈≈## ^..#≈≈
#^.##^..~≈≈≈≈######≈≈
##...#.#^~~~≈≈≈≈≈≈≈≈≈≈
#^.^^......~~~≈≈≈≈≈~≈~
#^.......^.~~~~~~~~~~~
#^^#.^.............^.~


You could see an emperor scorpion (berserk), 2 jorogumos, 2 sun moths, a moth of
wrath, 2 culicivoras and a jumping spider (berserk).

Vanquished Creatures
  Rupert (Lair:3)
  Kirke (Lair:3)
  A ghost moth (Spider:1)
  An emperor scorpion (Spider:2)
  A broodmother (Spider:4)
  2 spark wasps (Spider:3)
  An entropy weaver (Spider:1)
  A great orb of eyes (D:14)
  Fannar (Lair:3)
  5 hydras
  8 vault guards (D:14)
  4 radroaches
  3 catoblepae
  3 centaur warriors
  A jorogumo (Spider:3)
  5 boulder beetles
  4 death yaks
  6 two-headed ogres
  A deep troll shaman (Lair:5)
  2 tengu warriors
  3 orc high priests (Orc:2)
  8 demonic crawlers
  Nergalle (Lair:1)
  7 pharaoh ants
  4 skeletal warriors
  A glowing orange brain (D:14)
  A skyshark (Lair:5)
  6 orb spiders
  A wizard (D:15)
  3 sun moths
  A deep elf archer (D:14)
  Pikel (D:8)
  A necromancer (D:15)
  5 steelbarb worms
  3 lindwurms (Lair:5)
  5 orc sorcerers
  5 orc knights (Orc:2)
  3 deep elf pyromancers
  A deep elf zephyrmancer (D:14)
  5 manticores
  2 ugly things
  18 wolf spiders
  2 oklob plants (Lair:1)
  3 moths of wrath (Spider:3)
  7 cyclopes
  2 merfolk sirens (Lair:3)
  17 elephants
  A centaur zombie (D:15)
  A naga mage (D:15)
  3 black mambas
  6 torpor snails
  12 cane toads
  A centaur skeleton (D:15)
  2 unseen horrors
  A gargoyle (D:14)
  2 rime drakes
  2 efreet
  2 freezing wraiths (D:14)
  6 komodo dragons
  A redback zombie (D:15)
  4 yaktaurs
  2 merfolk (Lair:3)
  A tengu conjurer (D:13)
  6 trolls
  A harpy zombie (D:15)
  4 meliai (Spider:3)
  2 hornets (D:10)
  3 polar bears
  28 tarantellas
  27 blink frogs
  9 slime creatures
  26 culicivoras
  36 jumping spiders
  A culicivora (shapeshifter) (D:14)
  2 shadows
  A vampire (D:14)
  A ynoxinul (D:9)
  3 wraiths
  4 wyverns
  2 hogs (Lair:3)
  29 yaks
  33 redbacks
  5 basilisks
  4 vampire mosquitoes
  2 wargs (Orc:2)
  An acid dragon (D:9)
  13 water moccasins
  A sky beast (D:7)
  5 black bears
  14 orc warriors
  34 wolves
  3 ogres
  2 boggarts (D:15)
  6 centaurs
  2 phantoms (D:4)
  3 lemures (D:8)
  A kobold brigand (D:11)
  2 gnoll sergeants
  2 scorpions
  14 bullfrogs
  13 wights (D:9)
  3 killer bees (D:11)
  2 electric eels (Spider:1)
  3 howler monkeys
  3 hounds
  3 jellies
  A gnoll bouda (D:8)
  17 orc priests
  4 sleepcaps
  Jessica (D:2)
  2 iguanas
  16 orc wizards
  4 hell rats (Lair:5)
  23 gnolls
  9 adders
  3 shadow imps
  2 white imps
  2 ufetubi
  5 worms
  4 dart slugs
  80 orcs
  11 ball pythons
  19 endoplasms
  9 giant cockroaches
  8 goblins
  8 hobgoblins
  6 jackals
  10 kobolds
  13 quokkas
  7 bats
  8 frilled lizards
  9 rats
855 creatures vanquished.

Vanquished Creatures (collateral kills)
  An orc knight (Bailey)
  A gnoll (Bailey)
2 creatures vanquished.

Vanquished Creatures (others)
  A human (Lair:3)
  An orc wizard (Orc:2)
2 creatures vanquished.

Grand Total: 859 creatures vanquished

Notes
Turn   | Place    | Note
-------+----------+-------------------------------------------
     0 | D:1      | Kace the Spriggan Enchanter began the quest for the Orb.
     0 | D:1      | Reached XP level 1. HP: 9/9 MP: 5/5
   196 | D:1      | Found Rucam's Magic Scroll Emporium.
   307 | D:1      | Reached XP level 2. HP: 13/13 MP: 6/6
   314 | D:1      | Learned a level 2 spell: Ensorcelled Hibernation
   886 | D:1      | Found a faded altar of an unknown god.
   899 | D:1      | Reached XP level 3. HP: 16/16 MP: 8/8
  1346 | D:2      | Reached skill level 5 in Stealth
  1616 | D:2      | Found Ratol's General Store.
  1650 | D:2      | Noticed Jessica
  1655 | D:2      | Killed Jessica
  1656 | D:2      | Reached XP level 4. HP: 21/21 MP: 10/10
  1934 | D:3      | Reached skill level 1 in Fighting
  1934 | D:3      | Reached skill level 1 in Ice Magic
  2230 | D:3      | Reached XP level 5. HP: 25/25 MP: 11/11
  2393 | D:3      | Learned a level 1 spell: Magic Dart
  2397 | D:3      | Learned a level 3 spell: Confusing Touch
  2401 | D:3      | Learned a level 3 spell: Tukima's Dance
  2741 | D:4      | Noticed a black bear
  2747 | D:4      | Killed a black bear
  2748 | D:4      | Reached XP level 6. HP: 30/30 MP: 12/12
  2804 | D:4      | Reached skill level 6 in Stealth
  3340 | D:4      | Reached skill level 5 in Hexes
  3525 | D:4      | Reached skill level 1 in Conjurations
  3525 | D:4      | Reached XP level 7. HP: 34/34 MP: 6/14
  3981 | D:5      | Entered Level 5 of the Dungeon
  4410 | D:5      | Found a glowing drain.
  4430 | Sewer    | Entered a sewer
  4580 | Sewer    | Reached skill level 7 in Stealth
  5070 | Sewer    | Reached XP level 8. HP: 23/39 MP: 6/16
  5072 | Sewer    | Reached skill level 5 in Spellcasting
  5586 | D:5      | Identified the +1 chain mail of a sewer {-Cast rCorr
                  | Stlth+}
  5765 | D:5      | Found a staircase to the Ecumenical Temple.
  5773 | Temple   | Entered the Ecumenical Temple
  5807 | Temple   | Became a worshipper of Dithmenos the Shadowed
  5811 | Temple   | Identified a scroll of acquirement
  5822 | Temple   | Acquired the amulet of Hirhib {Acrobat +Blink Regen+ Str-4
                  | Dex+4}
  6769 | D:6      | Noticed a green ugly thing
  6797 | D:6      | Killed a green ugly thing
  6798 | D:6      | Reached skill level 8 in Stealth
  6930 | D:6      | Reached skill level 5 in Short Blades
  7642 | D:7      | Reached XP level 9. HP: 45/45 MP: 12/19
  7645 | D:7      | Found a sacrificial altar of Ru.
  7849 | D:7      | Reached * piety under Dithmenos
  7900 | D:7      | Found a flagged portal.
  7973 | Bailey   | Entered a bailey
  8385 | Bailey   | Noticed an orc knight
  8515 | Bailey   | Killed an orc knight
  8516 | Bailey   | Reached skill level 9 in Stealth
  9464 | D:8      | Found an iron altar of Okawaru.
  9514 | D:8      | Noticed a two-headed ogre
  9517 | D:8      | Noticed a manticore
  9521 | D:8      | Killed a two-headed ogre
  9522 | D:8      | Reached skill level 5 in Dodging
  9522 | D:8      | Reached skill level 1 in Shields
  9535 | D:8      | Killed a manticore
  9536 | D:8      | Reached skill level 10 in Stealth
  9536 | D:8      | Reached XP level 10. HP: 33/51 MP: 4/22
  9765 | D:8      | Found a broken altar of Ashenzari.
 10170 | D:8      | Reached ** piety under Dithmenos
 10271 | D:8      | Found a snail-covered altar of Cheibriados.
 10405 | D:8      | Reached skill level 5 in Fighting
 10449 | D:8      | Noticed Pikel
 10508 | D:8      | Noticed a two-headed ogre
 10566 | D:8      | Killed Pikel
 10591 | D:8      | Killed a two-headed ogre
 10860 | D:8      | Found a stormy altar of Qazlal.
 11034 | D:9      | Found a shimmering blue altar of Sif Muna.
 11050 | D:9      | Got a fuliginous book
 11078 | D:9      | Found a bloodstained altar of Trog.
 11330 | D:9      | Reached skill level 11 in Stealth
 12154 | D:10     | Entered Level 10 of the Dungeon
 12259 | D:10     | Found Cacoxt's Vocational Training.
 12269 | D:10     | Reached XP level 11. HP: 57/57 MP: 24/24
 12516 | D:10     | Noticed a two-headed ogre
 12524 | D:10     | Killed a two-headed ogre
 12600 | D:10     | Upgraded the game from 0.31-a0-867-g9b2fd80f0c to
                  | 0.31-a0-870-g10ed682358
 12657 | D:10     | Found a staircase to the Lair.
 12802 | D:10     | Found a glowing golden altar of the Shining One.
 12817 | D:10     | Reached *** piety under Dithmenos
 12820 | D:10     | Reached skill level 5 in Conjurations
 13475 | D:11     | Reached skill level 12 in Stealth
 13601 | D:11     | Noticed a two-headed ogre
 13606 | D:11     | Killed a two-headed ogre
 13633 | D:11     | Noticed a brown ugly thing
 13639 | D:11     | Killed a brown ugly thing
 14183 | D:12     | Noticed a deep elf pyromancer
 14185 | D:12     | Killed a deep elf pyromancer
 14467 | D:12     | Noticed a boulder beetle
 14469 | D:12     | Killed a boulder beetle
 14725 | D:12     | Noticed a boulder beetle
 14729 | D:12     | Killed a boulder beetle
 14805 | D:12     | Found a staircase to the Orcish Mines.
 15211 | D:13     | Reached **** piety under Dithmenos
 15212 | D:13     | Reached XP level 12. HP: 64/64 MP: 26/26
 15235 | D:13     | Noticed an eight-headed hydra
 15242 | D:13     | Killed an eight-headed hydra
 15377 | D:13     | Noticed a tengu warrior
 15386 | D:13     | Killed a tengu warrior
 15392 | D:13     | Noticed a two-headed ogre
 15510 | D:13     | Reached skill level 13 in Stealth
 15588 | D:13     | Noticed a catoblepas
 15756 | D:13     | Killed a two-headed ogre
 15792 | D:13     | Noticed a two-headed ogre
 15799 | D:13     | Killed a two-headed ogre
 15937 | Lair:1   | Entered Level 1 of the Lair of Beasts
 15953 | Lair:1   | Reached skill level 10 in Spellcasting
 16577 | Lair:1   | Noticed an eight-headed hydra
 16584 | Lair:1   | Killed an eight-headed hydra
 16743 | Lair:1   | Found a blossoming altar of Fedhas.
 16801 | Lair:1   | Reached skill level 10 in Dodging
 16883 | Lair:1   | Noticed Nergalle
 16890 | Lair:1   | Killed Nergalle
 17057 | Lair:1   | Reached skill level 14 in Stealth
 17282 | Lair:2   | Reached ***** piety under Dithmenos
 17283 | Lair:2   | Reached XP level 13. HP: 70/70 MP: 8/28
 17370 | Lair:2   | Identified the ring of Quurchyus {rF++ rC+ Slay-4 Stlth+}
 17578 | Lair:2   | Reached skill level 10 in Short Blades
 17642 | Lair:2   | Identified the +2 robe "Iffa" {Contam Rampage rC+ Regen+}
 17714 | Lair:2   | Identified the ring of Fene {rElec rPois Str+3 Int+6}
 18236 | Lair:3   | Noticed Fannar
 18241 | Lair:3   | Killed Fannar
 18334 | Lair:3   | Found a staircase to the Shoals.
 18553 | Lair:3   | Found a hole to the Spider Nest.
 18842 | Lair:3   | Noticed Kirke
 18847 | Lair:3   | Reached skill level 10 in Fighting
 18851 | Lair:3   | Killed Kirke
 18917 | Lair:3   | Noticed Rupert
 18921 | Lair:3   | Killed Rupert
 18947 | Lair:3   | Reached skill level 15 in Stealth
 20295 | Lair:4   | Found a staircase to the Slime Pits.
 20296 | Lair:4   | Found a viscous altar of Jiyva.
 20423 | Lair:4   | Found an ornate altar of the Wu Jian Council.
 20944 | Lair:4   | Reached XP level 14. HP: 77/77 MP: 30/30
 21108 | Lair:5   | Entered Level 5 of the Lair of Beasts
 21174 | Lair:5   | Reached ****** piety under Dithmenos
 21827 | Lair:5   | Identified the +0 cloak "Pitapuxik" {rCorr SInv}
 22089 | Lair:5   | Reached skill level 16 in Stealth
 22481 | Lair:5   | Found the +5 demon whip "Spellbinder" {antimagic, disrupt,
                  | Will+}
 22852 | Orc:1    | Entered Level 1 of the Orcish Mines
 22852 | Orc:1    | Found Syveu's Armour Boutique.
 22883 | Orc:1    | Found a transporter.
 22885 | Orc:1    | Noticed an orc warlord
 22890 | Orc:1    | Found a transporter.
 22919 | Orc:2    | Entered Level 2 of the Orcish Mines
 23040 | Orc:2    | Found a burning altar of Makhleb.
 23286 | Orc:2    | Found a staircase to the Elven Halls.
 24418 | Orc:2    | Found Lotsaic's Assorted Antiques.
 24418 | Orc:2    | Found Ricogow's Book Emporium.
 24654 | Orc:2    | Found Facuj's Book Boutique.
 24654 | Orc:2    | Found Weakk's Distillery.
 24688 | Orc:2    | Bought a scroll of teleportation for 78 gold pieces
 24703 | Orc:2    | Bought a book of Misfortune for 468 gold pieces
 24703 | Orc:2    | Bought a book of Unlife for 468 gold pieces
 24703 | Orc:2    | Bought a book of Iron for 416 gold pieces
 24709 | Orc:2    | Learned a level 5 spell: Borgnjor's Vile Clutch
 24716 | Orc:2    | Learned a level 6 spell: Bombard
 24724 | Orc:2    | Learned a level 7 spell: Enfeeble
 25090 | D:14     | Found a broken altar of Ashenzari.
 25386 | D:14     | Reached skill level 1 in Necromancy
 25386 | D:14     | Reached skill level 1 in Earth Magic
 25459 | D:14     | Reached XP level 15. HP: 84/84 MP: 24/32
 25684 | D:14     | Found a gate to the Vaults.
 26197 | D:14     | Found the +9 sword of Zonguldrok {reap}
 26736 | D:15     | Entered Level 15 of the Dungeon
 26871 | D:15     | Found a staircase to the Depths.
 26944 | D:15     | Noticed Jorgrun
 27228 | Spider:1 | Entered Level 1 of the Spider Nest
 28135 | Spider:1 | Learned a level 2 spell: Blink
 28214 | Spider:1 | Reached skill level 1 in Translocations
 28352 | Spider:1 | Reached skill level 10 in Hexes
 28633 | Spider:2 | Noticed an emperor scorpion
 28650 | Spider:2 | Reached skill level 5 in Necromancy
 28657 | Spider:2 | Killed an emperor scorpion
 28658 | Spider:2 | Reached skill level 5 in Earth Magic
 28658 | Spider:2 | Reached XP level 16. HP: 88/88 MP: 31/35
 30240 | Spider:4 | Entered Level 4 of the Spider Nest
 30417 | Spider:3 | Reached skill level 15 in Spellcasting
 30903 | Spider:4 | Mangled by an emperor scorpion

Illustrated notes

Levels and vault maps discovered:
D:1:      dpeg_arrival_castle, layout_basic,
          shapermc_ecumenical_altar_totnotflames, serial_shops,
          nicolae_diamond_shop
D:2:      layout_rooms, serial_shops, shop, uniq_jessica
D:3:      layout_basic
D:4:      layout_loops_cross, chequers_serial_rivers_large_a
D:5:      layout_basic, minmay_temple_entry_statues_fountains,
          cheibrodos_sewer_entry_bend, kennysheep_generic_room_14
D:6:      layout_basic, nrook_loot_triangle, kennysheep_generic_room_4
D:7:      nicolae_cairo_tiling_very_big, layout_loops_cross,
          mainiacjoe_overflow_cross_hatched, enter_bailey_5,
          minmay_misc_feat_diagonals
D:8:      layout_loops_corners, okawaru_metal_pillars_1_2, old_standard_altar,
          nicolae_overflow_hidden_temple, nicolae_qazlal_style_of_elements,
          minmay_manual_mandibuliform, uniq_pikel
D:9:      layout_gridville, nzn_overflow_gifts_of_might_and_magic
D:10:     layout_big_octagon, tso_metal_star, st_stairs_8, grunt_ministairs_6,
          nicolae_shop_vocational
D:11:     layout_loops_ring
D:12:     layout_gridville, hiddenorc1_lemuel
D:13:     layout_cave_pools, minmay_stone_trees_large
D:14:     minmay_swirls_squares, layout_cave_pools, erik_vaults_2,
          nicolae_ashenzari_panopticon
D:15:     grunt_enter_depths_magical_seal, layout_small_grid,
          chequers_serial_rivers_micro_c, uniq_agnes, uniq_jorgrun
Temple:   compressed_dpeg_circular_temple
Lair:1:   layout_cave_shapes, hangedman_tree_tricks,
          dreamdust_mushroom_princess, infiniplex_staircase_pool, uniq_nergalle
Lair:2:   layout_chaotic_city, grunt_megastairs_2
Lair:3:   layout_loops_ring, elwin_shoals_entry_stream,
          spider_nest_entry_rubble, cheibrodos_lair_caveside_slide, uniq_fannar,
          uniq_kirke, uniq_rupert
Lair:4:   layout_gridlike, nicolae_slime_entry_slimehenge, basic_altar
Lair:5:   grunt_lair_end_beastmaster, layout_concentric_octagons
Spider:1: layout_spider_delve, drop_trap
Spider:2: nicolae_spider_mines_2
Spider:3: lemuel_spider_zombies
Spider:4: grunt_spider_rune_island
Orc:1:    gammafunk_beogh_shrine, layout_diamond_mine, serial_shops, shop,
          lemuel_statue_altar
Orc:2:    grunt_orc_tribal_feast, layout_diamond_mine, basic_altar

Skill      XL: |  1  2  3  4  5  6  7  8  9 10 11 12 13 14 15 16 |
---------------+-------------------------------------------------+-----
Spellcasting   | 3 4 6 7 8 9 10 11 12 14 15 | 15.2
Hexes          | 4 5 6 8 10 11 | 11.7
Stealth        | 5 6 7 8 10 11 12 14 15 16 | 16.6
Short Blades   | 2 3 4 5 6 7 8 9 11 | 11.7
Fighting       | 1 2 3 4 6 7 9 10 11 | 11.7
Ice Magic      | 1 2 3 4 |  4.0
Conjurations   | 1 2 3 4 5 6 7 8 9 |  9.8
Dodging        | 3 5 7 8 10 11 12 | 12.8
Shields        | 1 2 3 4 |  4.0
Necromancy     | 1 5 6 |  6.8
Earth Magic    | 1 5 6 |  6.8
Translocations | 2 |  2.0
Evocations     | |  0.3

Action                     |  1- 3 |  4- 6 |  7- 9 | 10-12 | 13-15 | 16-18 || total
---------------------------+-------+-------+-------+-------+-------+-------++-------
  Melee: Dagger            |   101 |   107 |   313 |   313 |   756 |   199 ||  1789
         Punch             |       |     1 |     5 |       |       |       ||     6
   Cast: Ensorcelled Hiber |    20 |    31 |   157 |   202 |   357 |   113 ||   880
         Confusing Touch   |       |       |    13 |    19 |    32 |    10 ||    74
         Tukima's Dance    |       |       |     3 |       |     8 |       ||    11
    Use: Scroll            |       |       |    11 |     8 |     5 |     2 ||    26
         Potion            |       |       |     1 |       |       |    10 ||    11
   Stab: Sleeping          |    18 |    27 |   104 |   141 |   285 |   114 ||   689
         Confused          |       |       |    13 |    19 |    26 |     9 ||    67
         Distracted        |       |       |     4 |     5 |    16 |     4 ||    29
         Petrified         |       |       |       |       |     2 |       ||     2
         Petrifying        |       |       |       |       |     1 |       ||     1
 Armour: Robe              |    22 |    27 |    78 |    56 |   167 |   138 ||   488
  Dodge: Dodged            |    77 |    62 |   192 |   160 |   591 |   470 ||  1552
  Block: Other             |       |    12 |    63 |       |       |       ||    75
         Buckler           |       |       |     3 |    96 |   147 |    90 ||   336
         Reflection        |       |       |     1 |     6 |       |       ||     7

Table legend: (Time is in decaauts)
 A = Elapsed time spent in this place.
 B = Non-inter-level travel time spent in this place.
 C = Inter-level travel time spent in this place.
 D = Time resting spent in this place.
 E = Time spent auto-exploring this place.
 F = Levels seen in this place.
 G = Mean time per level.
                   A        B        C        D        E       F      G
               +--------+--------+--------+--------+--------+-----+--------+
         Total |  23346 |  22360 |    986 |   3978 |  12186 |  29 |  805.0 |
       Dungeon |  12395 |  11790 |    605 |   1921 |   6749 |  15 |  826.3 |
        Temple |     43 |     43 |      0 |      0 |      0 |   1 |   43.0 |
          Lair |   5464 |   5254 |    210 |    783 |   3313 |   5 | 1092.8 |
   Spider Nest |   2570 |   2465 |    105 |    483 |   1041 |   4 |  642.5 |
  Orcish Mines |   1443 |   1378 |     65 |    203 |    665 |   2 |  721.5 |
         Sewer |    747 |    747 |      0 |    185 |    342 |   1 |  747.0 |
        Bailey |    680 |    680 |      0 |    401 |     74 |   1 |  680.0 |
               +--------+--------+--------+--------+--------+-----+--------+

Top non-repeatable levels by time:
  Lair:3: 1548 daAuts
   Orc:2: 1395 daAuts
     D:5: 1144 daAuts
     D:8: 1137 daAuts
  Lair:4: 1097 daAuts
  Lair:5: 1063 daAuts
    D:14: 1043 daAuts
  Lair:1: 1030 daAuts
     D:4: 988 daAuts
     D:9: 987 daAuts
     D:1: 965 daAuts
Spider:2: 889 daAuts
     D:7: 888 daAuts
     D:6: 884 daAuts
    D:13: 818 daAuts
